Map: Acid Plant LE

Players

CinDra

  • Race: Zerg Zerg
  • League: Gold
  • Spawn Location: 11:00

Matty - Winner!

  • Race: Protoss Protoss
  • League: Gold
  • Spawn Location: 5:00

VOD

Have the link to the VOD?

Description

Time

  • Played on: Feb. 28, 2018, 10:37 p.m.
  • Length: 15:28
Show
View Real Time Build Order
Export as new Build Order

CinDra Zerg 

Build Orders: Hatch First 

Get SALT Encoding   

  12  0:01  Drone  
  13  0:13  Overlord  
  13  0:16  Drone  
  14  0:31  Drone x2  
  16  0:37  Drone  
  17  0:54  Hatchery  
  16  0:57  Drone  
  17  1:04  Drone  
  17  1:08  Extractor, Drone  
  18  1:20  Spawning Pool  
  18  1:22  Drone  
  18  1:28  Drone  
  19  1:39  Overlord  
  19  1:50  Drone  
  20  2:07  Queen x2  
  24  2:08  Zergling x4  
  26  2:18  Drone x2  
  26  2:22  Drone  
  29  2:28  Drone  
  30  2:37  Drone  
  31  2:49  Hatchery  
  30  2:57  Metabolic Boost  
  30  3:00  Drone x4  
  30  3:01  Overlord  
  34  3:05  Drone  
  35  3:17  Overlord, Drone  
  36  3:24  Drone x4  
  40  3:27  Drone x2  
  40  3:30  Queen  
  44  3:36  Queen  
  46  3:46  Drone x2  
  48  3:52  Zergling x6  
  51  3:58  Zergling x2  
  51  4:02  Drone  
  53  4:03  Overlord, Drone  
  53  4:05  Zergling x2, Drone  
  53  4:06  Zergling x4  
  58  4:20  Queen  
  60  4:40  Lair  
  60  5:13  Drone  
  60  5:14  Drone x5  
  64  5:18  Overlord x5  
  64  5:19  Overlord x4  
  66  5:28  Spore Crawler  
  62  5:30  Spore Crawler  
  55  5:42  Zergling x2  
  52  5:43  Zergling x18  
  61  5:55  Queen  
  60  6:27  Hydralisk Den  
  59  6:33  Extractor  
  58  6:42  Zergling x26  
  58  6:43  Zergling x12  
  77  6:59  Extractor  
  77  7:01  Spore Crawler  
  75  7:03  Drone x4  
  75  7:04  Drone  
  75  7:06  Muscular Augments  
  75  7:07  Hydralisk  
  82  7:30  Drone x5  
  82  7:31  Drone x5  
  92  7:39  Hydralisk x2  
  96  7:47  Hatchery  
  95  7:52  Extractor  
  94  8:01  Hydralisk  
  94  8:02  Hydralisk x7  
  94  8:03  Overlord x2  
  110  8:14  Drone  
  110  8:15  Drone x6  
  110  8:18  Extractor  
  106  8:43  Drone  
  106  8:45  Extractor  
  106  8:48  Extractor  
  105  8:59  Hydralisk  
  105  9:00  Hydralisk x11  
  129  9:35  Drone x4  
  129  9:36  Drone  
  134  9:47  Hydralisk  
  134  9:48  Hydralisk x10  
  156  10:20  Hydralisk  
  156  10:21  Hydralisk x2  
  156  10:23  Overlord x2  
  156  10:24  Overlord x23  
  160  10:43  Hydralisk  
  160  10:44  Hydralisk x5  
  172  10:53  Evolution Chamber, Hydralisk x2  
  172  10:54  Hydralisk x2  
  172  10:57  Evolution Chamber  
  160  11:20  Hydralisk x12  
  160  11:21  Hydralisk x3  
  152  11:49  Hydralisk  
  152  11:50  Hydralisk x9  
  118  12:20  Zerg Missile Weapons Level 1, Zerg Ground Armor Level 1  
  118  12:21  Hydralisk x7  
  132  12:36  Drone  
  133  12:37  Drone x8  
  133  12:43  Grooved Spines  
  141  12:46  Extractor x2, Hydralisk  
  141  12:47  Hydralisk x2  
  145  13:07  Hydralisk x7  
  159  13:16  Zergling x16  
  114  13:51  Hydralisk x5  
  114  13:52  Hydralisk x8  
  105  14:03  Zergling x24  
  105  14:04  Zergling x2  
  118  14:17  Hydralisk x2  
  118  14:18  Hydralisk  
  124  14:30  Hydralisk  
  124  14:31  Hydralisk x4  
  101  14:48  Hydralisk  
  101  14:49  Hydralisk x6  
  99  14:59  Hydralisk x2  
  86  15:00  Hydralisk x2  
Show
View Real Time Build Order
Export as new Build Order

Matty Protoss - Winner!

Build Orders:  

Get SALT Encoding   

  12  0:00  Probe  
  13  0:13  Probe  
  14  0:20  Pylon  
  14  0:25  Probe  
  15  0:39  Gateway  
  15  0:42  Probe  
  16  0:47  Assimilator  
  16  0:54  Probe  
  17  1:06  Probe  
  18  1:18  Probe  
  19  1:26  Cybernetics Core  
  19  1:30  Probe  
  20  1:42  Probe  
  21  2:03  Nexus  
  21  2:05  Probe, Warp Gate (Chrono Boost)  
  22  2:15  Pylon  
  22  2:21  Gateway  
  22  2:25  Assimilator  
  22  2:28  Probe  
  23  2:33  Adept  
  25  2:43  Pylon  
  25  2:51  Forge  
  25  2:52  Probe  
  26  3:14  Stalker  
  28  3:25  Gateway  
  28  3:26  Probe  
  28  3:27  Probe  
  30  3:31  Photon Cannon  
  30  3:38  Probe  
  31  3:46  Stargate  
  31  3:58  Photon Cannon  
  31  4:00  Adept (Chrono Boost)  
  33  4:05  Probe x2  
  37  4:17  Probe  
  37  4:18  Sentry (Chrono Boost)  
  37  4:19  Protoss Ground Weapons Level 1  
  37  4:22  Adept (Chrono Boost)  
  42  4:31  Probe, Oracle (Chrono Boost)  
  42  4:32  Adept (Chrono Boost)  
  46  4:48  Shield Battery  
  46  4:50  Probe  
  46  4:51  Pylon  
  47  4:56  Probe  
  48  5:04  Phoenix (Chrono Boost)  
  51  5:07  Probe  
  51  5:10  Gateway  
  51  5:21  Robotics Facility  
  49  5:38  Stalker  
  49  5:39  Stalker x2  
  55  5:45  Probe x2  
  52  6:01  Phoenix  
  52  6:05  Zealot x2  
  52  6:06  Zealot  
  58  6:15  Probe x2  
  58  6:16  Assimilator  
  60  6:19  Assimilator  
  60  6:24  Twilight Council  
  60  6:31  Probe x2  
  62  6:37  Protoss Ground Armor Level 1 (Chrono Boost)  
  62  6:39  Photon Cannon  
  62  6:49  Gateway  
  62  6:59  Pylon  
  62  7:01  Pylon  
  62  7:03  Charge (Chrono Boost)  
  62  7:13  Pylon  
  62  7:16  Phoenix (Chrono Boost)  
  62  7:17  Probe x2  
  62  7:18  Observer (Chrono Boost)  
  67  7:29  Zealot x3  
  75  7:30  Probe x2  
  75  7:42  Phoenix (Chrono Boost)  
  77  7:47  Observer  
  77  7:51  Probe x2  
  80  8:04  Probe x2  
  82  8:14  Pylon x2  
  82  8:16  Probe x2  
  70  8:34  Phoenix  
  68  8:43  Probe x2  
  70  9:03  Robotics Bay  
  70  9:09  Nexus  
  70  9:11  Pylon  
  70  9:13  Pylon  
  70  9:15  Zealot x5  
  70  9:16  Assimilator  
  80  9:22  Assimilator  
  80  9:25  Gateway  
  80  9:27  Robotics Facility, Gateway  
  80  9:38  Sentry x2  
  84  9:39  Photon Cannon  
  84  9:40  Photon Cannon  
  84  9:44  Resonating Glaives (Chrono Boost)  
  84  9:53  Probe x2  
  86  10:02  Extended Thermal Lance  
  92  10:10  Colossus (Chrono Boost)  
  91  10:18  Stalker  
  91  10:19  Stalker x3  
  91  10:20  Stalker  
  101  10:28  Protoss Ground Weapons Level 2  
  101  10:32  Pylon  
  101  10:33  Pylon  
  101  10:50  Colossus  
  107  10:59  Colossus  
  88  11:22  Stalker x3  
  88  11:23  Stalker x2  
  90  11:43  Colossus  
  90  11:47  Stalker x3  
  92  11:52  Colossus  
  82  12:24  Pylon  
  82  12:26  Pylon  
  82  12:34  Nexus  
  82  12:35  Stalker  
  82  12:36  Stalker x3  
  90  12:37  Pylon  
  90  12:38  Pylon  
  90  12:42  Assimilator  
  90  12:47  Zealot x2, Assimilator  
  94  12:55  Colossus x2 (Chrono Boost)  
  106  13:12  Stalker x5  
  94  13:50  Probe x3  
  95  14:03  Colossus x2  
  107  14:18  Zealot x2  
  107  14:19  Zealot x4  
  119  14:30  Probe x3  
  122  14:42  Probe x3  
  121  14:54  Probe x3  
  124  15:06  Probe  
Tags
 
League
GoldGold
Matchup
PvZ
Spawn Locations
Cross Positions
Add a new tag
Caveats
  • Supply blocks, unpowered buildings, or Contaminate may cause inaccurate times.
  • Supply counts are checked every 10 seconds.